Map: [ESL] Oceanborn

Players

Coffee - Winner!

  • Race: Terran Terran
  • Spawn Location: 5:00

Firefly

  • Race: Protoss Protoss
  • Spawn Location: 11:00

Event: ESL SC2 Masters 2024 Spring (Regional)

VOD

Have the link to the VOD?

Description

Time

  • Played on: April 20, 2024, 7:22 a.m.
  • Length: 9:11

All games in this series

Show
View Real Time Build Order
Export as new Build Order

Coffee Terran - Winner!

Build Orders: Cyclone Opening 

Get SALT Encoding   

  12  0:00  SCV  
  13  0:12  SCV  
  14  0:16  Supply Depot  
  14  0:24  SCV  
  15  0:38  SCV  
  15  0:39  Barracks  
  16  0:43  Refinery  
  16  0:50  SCV  
  17  1:02  SCV  
  18  1:14  SCV  
  19  1:25  Marine  
  19  1:26  Orbital Command  
  20  1:40  Command Center  
  20  1:50  Factory  
  20  1:54  SCV  
  21  2:03  Barracks Reactor  
  21  2:04  Supply Depot  
  21  2:07  SCV  
  22  2:19  SCV  
  23  2:34  Cyclone  
  25  2:39  Command Center  
  25  2:42  SCV  
  26  2:46  Marine  
  26  2:47  Marine  
  28  2:55  Barracks  
  28  2:56  SCV  
  29  3:00  Refinery  
  29  3:07  Factory Tech Lab  
  29  3:09  Marine x2  
  31  3:18  SCV  
  31  3:19  Orbital Command  
  32  3:27  Siege Tank  
  32  3:30  SCV  
  36  3:35  Marine x2  
  38  3:43  Barracks Tech Lab  
  38  3:44  SCV x2  
  40  3:53  Marine x2  
  40  3:54  Orbital Command  
  42  3:56  SCV  
  42  3:59  SCV  
  44  4:04  Siege Tank  
  44  4:09  SCV  
  48  4:11  Engineering Bay  
  48  4:12  SCV  
  49  4:17  Stimpack  
  49  4:21  Marine x3  
  49  4:24  SCV x2  
  54  4:27  Supply Depot  
  54  4:31  Refinery  
  54  4:35  SCV  
  54  4:36  SCV  
  54  4:38  Siege Tank  
  59  4:42  Supply Depot  
  59  4:45  SCV  
  59  4:47  SCV  
  59  4:49  Terran Infantry Weapons Level 1  
  60  4:55  SCV, Barracks  
  60  4:57  SCV  
  60  4:59  Marine x3  
  65  5:04  SCV, Supply Depot  
  66  5:07  SCV  
  66  5:12  Supply Depot  
  67  5:16  Marine  
  67  5:17  SCV x2, Marine x2  
  72  5:23  Starport  
  72  5:24  Factory Reactor  
  72  5:26  Supply Depot  
  72  5:30  SCV x2  
  72  5:33  Refinery  
  74  5:37  Marine x3  
  74  5:39  Supply Depot  
  76  5:48  SCV  
  76  5:49  Barracks  
  77  5:50  Barracks  
  77  5:52  Combat Shield  
  77  6:02  Supply Depot  
  77  6:03  Marauder x2  
  81  6:06  Marine x2  
  81  6:09  Supply Depot  
  82  6:12  Medivac x2, Factory Tech Lab  
  86  6:20  SCV x2  
  92  6:25  Marauder x2  
  92  6:30  Marine x2  
  92  6:31  Orbital Command  
  92  6:32  SCV x2  
  95  6:34  Supply Depot  
  95  6:38  Siege Tank  
  95  6:39  Barracks Tech Lab  
  98  6:40  Barracks Reactor  
  98  6:48  SCV x2  
  98  6:51  Medivac x2  
  98  6:54  Marine x2  
  103  6:55  Terran Infantry Armor Level 1  
  103  6:57  Marauder  
  103  6:58  Marauder  
  103  6:59  Concussive Shells  
  108  7:04  Marauder  
  110  7:17  Siege Tank  
  110  7:19  Marine x4  
  110  7:22  Marauder x2  
  121  7:26  Supply Depot, Marauder  
  121  7:27  Missile Turret  
  121  7:29  Missile Turret  
  123  7:31  Supply Depot  
  123  7:37  Medivac  
  125  7:47  Marine x2  
  125  7:48  Medivac, Marine x2  
  125  7:49  Supply Depot  
  128  7:51  Marauder  
  128  7:57  Marauder x2  
  127  8:02  Siege Tank, Orbital Command  
  127  8:05  Marine x2  
  132  8:13  Marauder, Marine x2  
  132  8:18  Marauder x2  
  133  8:24  SCV x2  
  134  8:34  Marauder  
  134  8:38  SCV x2, Supply Depot, Missile Turret  
  134  8:40  Marauder x2  
  134  8:41  Supply Depot  
  140  8:47  Marine x2  
  140  8:52  SCV x2  
  140  8:54  SCV  
Show
View Real Time Build Order
Export as new Build Order

Firefly Protoss 

Build Orders: 1 Gate Expand, Blink Stalkers 

Get SALT Encoding   

  12  0:00  Probe  
  13  0:12  Probe  
  14  0:17  Pylon  
  14  0:24  Probe  
  15  0:35  Gateway  
  15  0:36  Probe (Chrono Boost)  
  16  0:46  Assimilator, Probe (Chrono Boost)  
  17  0:51  Probe (Chrono Boost)  
  18  1:03  Probe  
  19  1:15  Probe  
  20  1:23  Nexus  
  20  1:33  Cybernetics Core  
  20  1:35  Probe  
  21  1:42  Assimilator  
  20  1:47  Probe  
  21  1:57  Pylon  
  21  1:59  Probe  
  22  2:11  Warp Gate, Probe  
  22  2:15  Adept (Chrono Boost)  
  25  2:22  Twilight Council  
  25  2:23  Probe  
  26  2:35  Probe  
  26  2:36  Probe  
  28  2:37  Stalker  
  30  2:47  Probe  
  30  2:48  Probe  
  30  2:50  Blink (Chrono Boost)  
  32  2:59  Probe  
  32  3:00  Probe  
  32  3:04  Gateway  
  34  3:12  Probe  
  35  3:15  Probe  
  35  3:17  Stalker  
  37  3:28  Gateway  
  37  3:32  Robotics Facility, Probe  
  37  3:33  Probe  
  38  3:40  Pylon  
  38  3:45  Probe x2  
  40  3:51  Pylon  
  40  3:57  Probe x2  
  40  4:00  Stalker  
  40  4:01  Stalker  
  46  4:09  Assimilator, Probe x2  
  48  4:15  Observer (Chrono Boost)  
  48  4:22  Stalker  
  48  4:23  Stalker  
  53  4:26  Stalker  
  53  4:29  Pylon  
  55  4:31  Pylon, Probe  
  55  4:32  Warp Prism (Chrono Boost), Probe  
  59  4:48  Pylon, Stalker x2  
  59  4:49  Stalker  
  65  4:56  Observer (Chrono Boost)  
  65  4:58  Pylon  
  66  5:06  Probe x2  
  67  5:18  Probe x2  
  67  5:19  Stalker x3  
  75  5:29  Nexus  
  75  5:30  Probe x2  
  77  5:46  Probe x2  
  77  5:48  Charge  
  79  5:56  Gateway  
  79  5:57  Gateway  
  79  5:58  Gateway  
  79  5:59  Gateway  
  79  6:02  Gateway  
  79  6:10  Probe x2  
  79  6:21  Stalker x3  
  84  6:30  Probe x2  
  86  6:42  Probe x2  
  88  6:56  Probe x2  
  88  6:57  Probe  
  88  6:58  Stalker x2  
  88  6:59  Stalker x6  
  107  7:10  Pylon  
  107  7:12  Pylon  
  107  7:14  Pylon  
  107  7:21  Pylon  
  107  7:30  Zealot x8  
  107  7:35  Pylon  
  123  7:38  Pylon  
  123  7:40  Pylon  
  117  7:58  Zealot x5, Stalker  
  101  7:59  Zealot x2  
  106  8:09  Shield Battery  
  106  8:11  Pylon  
  106  8:19  Zealot x7  
  117  8:29  Stalker  
  119  8:39  Stalker  
  119  8:40  Zealot x6  
  125  9:00  Stalker x7  
Tags
 
Add a new tag
Caveats
  • Supply blocks, unpowered buildings, or Contaminate may cause inaccurate times.
  • Supply counts are checked every 10 seconds.